12 | 0:00 | SCV | |
13 | 0:12 | SCV | |
14 | 0:17 | Supply Depot | |
14 | 0:25 | SCV | |
15 | 0:38 | SCV | |
15 | 0:40 | Barracks | |
16 | 0:43 | Refinery | |
16 | 0:50 | SCV | |
17 | 1:02 | SCV | |
18 | 1:14 | SCV | |
19 | 1:27 | Reaper, Orbital Command | |
20 | 1:39 | Command Center | |
20 | 1:48 | Supply Depot | |
20 | 1:52 | SCV | |
21 | 1:59 | Marine | |
22 | 2:04 | SCV | |
23 | 2:13 | Factory | |
23 | 2:16 | SCV | |
23 | 2:20 | Barracks Reactor | |
24 | 2:28 | SCV | |
25 | 2:38 | Command Center | |
25 | 2:41 | SCV | |
26 | 2:51 | Orbital Command | |
26 | 2:53 | SCV | |
27 | 2:59 | Starport | |
27 | 3:03 | Refinery | |
27 | 3:06 | SCV | |
27 | 3:11 | Hellion | |
30 | 3:15 | Hellion | |
30 | 3:18 | SCV | |
33 | 3:20 | SCV | |
33 | 3:22 | Barracks Tech Lab | |
34 | 3:30 | SCV | |
34 | 3:32 | SCV | |
34 | 3:33 | Hellion | |
38 | 3:37 | Hellion | |
39 | 3:42 | SCV | |
39 | 3:44 | SCV | |
39 | 3:45 | Banshee | |
44 | 3:50 | Orbital Command | |
44 | 3:54 | SCV | |
45 | 3:56 | SCV | |
45 | 3:58 | Cloaking Field | |
45 | 3:59 | Hellion | |
50 | 4:03 | Hellion | |
50 | 4:08 | SCV | |
50 | 4:09 | SCV | |
52 | 4:10 | Supply Depot | |
52 | 4:11 | Barracks Tech Lab | |
52 | 4:19 | SCV | |
52 | 4:20 | SCV | |
52 | 4:21 | SCV | |
52 | 4:24 | Hellion | |
57 | 4:27 | Banshee | |
57 | 4:31 | SCV | |
61 | 4:32 | SCV | |
61 | 4:34 | Supply Depot | |
61 | 4:37 | Barracks | |
61 | 4:38 | Barracks | |
62 | 4:41 | SCV, Stimpack | |
62 | 4:44 | SCV, Orbital Command | |
65 | 4:51 | Marine | |
65 | 4:52 | Refinery | |
65 | 4:53 | SCV, Refinery | |
65 | 4:56 | Factory Reactor | |
65 | 4:57 | Supply Depot | |
65 | 4:58 | SCV | |
67 | 5:05 | Engineering Bay, SCV | |
68 | 5:07 | Engineering Bay | |
68 | 5:09 | SCV | |
68 | 5:10 | SCV | |
70 | 5:17 | SCV | |
70 | 5:20 | Supply Depot | |
72 | 5:21 | SCV | |
72 | 5:22 | SCV | |
72 | 5:27 | Supply Depot, Starport Reactor | |
73 | 5:29 | SCV | |
73 | 5:32 | Barracks x2, Terran Infantry Weapons Level 1 | |
73 | 5:33 | SCV | |
75 | 5:37 | Marine | |
75 | 5:38 | SCV | |
75 | 5:41 | SCV, Marine x4 | |
82 | 5:43 | Supply Depot | |
82 | 5:45 | SCV | |
82 | 5:46 | Siege Tank | |
86 | 5:50 | SCV | |
86 | 5:53 | SCV | |
86 | 5:55 | Marine | |
86 | 5:56 | Supply Depot, Terran Infantry Armor Level 1 | |
89 | 5:57 | SCV | |
89 | 5:59 | Marine x2 | |
89 | 6:01 | Marine | |
89 | 6:03 | SCV, Marine | |
95 | 6:06 | SCV | |
95 | 6:07 | Medivac x2 | |
100 | 6:15 | Marine | |
101 | 6:19 | Barracks Reactor, Marine | |
101 | 6:20 | Barracks Reactor, Marine x2 | |
101 | 6:21 | SCV x2 | |
101 | 6:22 | Supply Depot, SCV | |
107 | 6:28 | Refinery | |
107 | 6:30 | Armory | |
104 | 6:33 | SCV x2, Combat Shield | |
104 | 6:34 | SCV, Marine x2 | |
104 | 6:37 | Medivac, Marine | |
112 | 6:42 | Marine | |
112 | 6:43 | Refinery | |
112 | 6:44 | Factory | |
112 | 6:45 | SCV x2, Marine | |
116 | 6:52 | Command Center | |
116 | 6:57 | SCV x2 | |
116 | 6:58 | SCV, Marine x2 | |
116 | 6:59 | Supply Depot, Marine | |
122 | 7:01 | Marine x2 | |
122 | 7:02 | Marine | |
125 | 7:17 | Marine | |
125 | 7:20 | Medivac, Marine x4 | |
125 | 7:21 | Widow Mine | |
133 | 7:23 | Supply Depot | |
133 | 7:29 | Drilling Claws | |
133 | 7:30 | Factory Reactor | |
133 | 7:31 | Supply Depot x2 | |
133 | 7:36 | Marine x3 | |
133 | 7:38 | Marine | |
133 | 7:40 | Missile Turret | |
133 | 7:44 | Medivac, Marine | |
133 | 7:46 | Supply Depot, Missile Turret | |
133 | 7:47 | Widow Mine, Marine x2 | |
133 | 7:50 | Marine | |
131 | 7:52 | SCV | |
131 | 7:53 | Missile Turret, Medivac | |
131 | 7:55 | Marine x3 | |
131 | 7:57 | Marine x2 | |
138 | 7:59 | Terran Infantry Weapons Level 2 | |
138 | 8:03 | Terran Infantry Armor Level 2 | |
138 | 8:09 | Missile Turret, Widow Mine | |
138 | 8:10 | Widow Mine x2 | |
138 | 8:12 | Marine x2 | |
146 | 8:14 | Medivac | |
146 | 8:17 | SCV x3 | |
146 | 8:19 | Marine x5 | |
156 | 8:20 | Marine | |
156 | 8:25 | Marine | |
158 | 8:29 | Thor, Marine | |
158 | 8:30 | SCV, Medivac, Marine | |
158 | 8:32 | Sensor Tower | |
158 | 8:33 | Missile Turret | |
169 | 8:37 | Marine | |
169 | 8:38 | Terran Vehicle And Ship Armor Level 1, Marine | |
169 | 8:40 | Widow Mine | |
173 | 8:42 | Marine | |
173 | 8:44 | Widow Mine | |
173 | 8:45 | SCV, Planetary Fortress | |
173 | 8:47 | SCV x2, Marine | |
180 | 8:55 | Marauder, Marine x4 | |
186 | 8:56 | Supply Depot | |
186 | 8:57 | Marine | |
186 | 8:58 | Supply Depot, Marine | |
188 | 9:04 | Marine | |
188 | 9:05 | Marine | |
188 | 9:08 | Barracks | |
188 | 9:10 | Barracks | |
188 | 9:11 | Widow Mine | |
188 | 9:12 | Barracks, Marine | |
188 | 9:17 | Marine x5 | |
188 | 9:18 | Marauder | |
188 | 9:20 | Missile Turret | |
188 | 9:24 | Medivac | |
183 | 9:25 | Thor | |
183 | 9:27 | Widow Mine | |
183 | 9:28 | Marine | |
186 | 9:34 | Marine | |
186 | 9:35 | Marine | |
186 | 9:36 | Marine x2 | |
169 | 9:39 | Widow Mine, Marauder | |
169 | 9:40 | Marine x3 | |
169 | 9:45 | Medivac | |
159 | 9:46 | Marine | |
159 | 9:48 | SCV, Widow Mine | |
159 | 9:49 | SCV, Command Center | |
159 | 9:50 | SCV x2 | |
159 | 9:52 | Marine | |
167 | 9:53 | Marine | |
167 | 9:54 | Refinery, Marine x2 | |
167 | 9:57 | Barracks Tech Lab | |
167 | 9:58 | Barracks Tech Lab x2 | |
167 | 9:59 | Medivac | |
172 | 10:00 | SCV | |
172 | 10:01 | SCV | |
172 | 10:03 | Widow Mine | |
172 | 10:05 | Marine x2 | |
172 | 10:06 | Marine x2 | |
172 | 10:07 | Marine | |
180 | 10:09 | Thor | |
180 | 10:10 | Marine | |
180 | 10:11 | SCV | |
180 | 10:12 | Marine x2 | |
191 | 10:15 | Medivac | |
191 | 10:17 | Marine x2 | |
191 | 10:20 | Widow Mine, Marauder, Marine | |
191 | 10:21 | Concussive Shells | |
191 | 10:23 | Marine | |
191 | 10:25 | Marauder | |
191 | 10:26 | Refinery, Marine | |
191 | 10:27 | Marine | |
191 | 10:28 | Marine | |
196 | 10:32 | Terran Infantry Weapons Level 3 | |
197 | 10:36 | Marauder | |
197 | 10:38 | Marine | |
200 | 10:45 | Sensor Tower | |
200 | 10:46 | Missile Turret, Widow Mine x2 | |
200 | 10:49 | Marine | |
191 | 10:57 | Marauder, Marine x2 | |
191 | 10:58 | Marauder x2, Marine | |
200 | 11:08 | Command Center | |
200 | 11:09 | Command Center | |
198 | 11:12 | Marauder | |
198 | 11:13 | Marine x2 | |
198 | 11:17 | Ghost Academy, Widow Mine | |
200 | 11:25 | Command Center | |
200 | 11:28 | Missile Turret | |
200 | 11:29 | Missile Turret | |
195 | 11:33 | Widow Mine x2 | |
195 | 11:37 | Planetary Fortress | |
196 | 11:48 | Widow Mine, Marauder, Marine | |
196 | 11:49 | Missile Turret | |
196 | 11:50 | Marine x2 | |
196 | 11:51 | Missile Turret, Marauder | |
196 | 11:52 | Marine x2 | |
196 | 11:53 | Missile Turret, Marauder x2, Marine | |
196 | 11:54 | Marine x2 | |
200 | 12:11 | Widow Mine | |
200 | 12:12 | Widow Mine x2 | |
200 | 12:17 | Terran Infantry Armor Level 3, Terran Vehicle And Ship Armor Level 2 | |
200 | 12:18 | Personal Cloaking | |
192 | 12:26 | Marauder x2, Marine x4 | |
192 | 12:27 | Medivac x2, Marauder x2, Marine x2 | |
192 | 12:28 | Marine x2 | |
200 | 12:31 | Orbital Command | |
200 | 12:43 | Marine | |
200 | 12:44 | Thor, Marine x3 | |
194 | 12:49 | Marauder | |
189 | 12:53 | Marine | |
189 | 12:54 | Marine x5 | |
189 | 12:55 | Marine | |
189 | 12:56 | Medivac | |
190 | 12:59 | Widow Mine x2 | |
190 | 13:01 | Marine x2 | |
186 | 13:06 | Medivac | |
186 | 13:07 | Marine x2 | |
186 | 13:10 | Factory, Marauder | |
186 | 13:11 | Marine, Planetary Fortress | |
194 | 13:12 | Marauder | |
194 | 13:13 | Marauder | |
194 | 13:14 | Orbital Command | |
194 | 13:18 | Marauder | |
194 | 13:21 | Marine | |
194 | 13:22 | Marine x3 | |
194 | 13:26 | Medivac | |
197 | 13:27 | Widow Mine x2 | |
197 | 13:31 | Marauder | |
197 | 13:34 | Thor | |
198 | 13:36 | Unknown | |
198 | 13:37 | Missile Turret | |
198 | 13:39 | Missile Turret, Sensor Tower | |
197 | 13:42 | Marine x3 | |
198 | 13:48 | Widow Mine | |
198 | 13:51 | Medivac, Sensor Tower | |
198 | 13:53 | Missile Turret | |
198 | 13:54 | Missile Turret | |
200 | 13:59 | Enhanced Shockwaves | |
200 | 14:03 | Neosteel Armor | |
200 | 14:08 | Command Center x2 | |
200 | 14:13 | Widow Mine | |
196 | 14:19 | Medivac | |
196 | 14:20 | Widow Mine, Marauder, Marine x2 | |
196 | 14:21 | Medivac, Marauder | |
196 | 14:23 | Marine x4 | |
196 | 14:25 | Thor | |
196 | 14:27 | Marine x4 | |
187 | 14:33 | Terran Vehicle Weapons Level 1 | |
187 | 14:38 | Factory Tech Lab, Widow Mine, Marine x2 | |
189 | 14:40 | Marine | |
189 | 14:41 | Marine x5 | |
189 | 14:44 | Missile Turret, Marine | |
189 | 14:45 | Marine | |
195 | 14:53 | Liberator | |
195 | 14:54 | Hi-Sec Auto Tracking | |
195 | 14:55 | Widow Mine | |
200 | 15:12 | Command Center | |
200 | 15:13 | Missile Turret | |
200 | 15:24 | Marine | |
200 | 15:26 | Thor | |
195 | 15:29 | Marine x2 | |
195 | 15:30 | Marauder, Marine x5 | |
197 | 15:36 | Missile Turret x3 | |
197 | 15:42 | Thor | |
185 | 15:43 | Widow Mine, Ghost | |
185 | 15:44 | Marine x2 | |
185 | 15:47 | SCV, Marine x5 | |
185 | 15:49 | Marine | |
186 | 15:51 | Marine | |
186 | 15:55 | Marine | |
186 | 15:57 | SCV x2 | |
186 | 16:02 | Marine x2 | |
185 | 16:05 | Marine x2 | |
185 | 16:07 | Widow Mine x2 | |
185 | 16:09 | Thor | |
193 | 16:15 | Barracks Tech Lab x3 | |
193 | 16:16 | Marine x2, Ghost | |
197 | 16:19 | Marine, Ghost | |
197 | 16:23 | Marine x2 | |
200 | 16:39 | Missile Turret | |
200 | 16:40 | Missile Turret | |
200 | 16:41 | Missile Turret | |
200 | 16:46 | Command Center, Missile Turret x2 | |
200 | 16:48 | Command Center | |
195 | 16:57 | Marauder | |
191 | 17:02 | Widow Mine | |
191 | 17:03 | Ghost | |
191 | 17:06 | Widow Mine | |
191 | 17:08 | Marauder, Marine x4 | |
195 | 17:13 | Widow Mine x2 | |
193 | 17:15 | Marine | |
193 | 17:16 | Marauder x2 | |
193 | 17:17 | Planetary Fortress | |
193 | 17:18 | Marine | |
197 | 17:24 | Widow Mine | |
197 | 17:25 | Orbital Command x2 | |
197 | 17:26 | Marine | |
197 | 17:29 | Marauder | |
192 | 17:31 | Widow Mine | |
192 | 17:33 | Marauder | |
192 | 17:34 | Marauder | |
192 | 17:36 | Missile Turret x2, Marauder, Marine x3 | |
192 | 17:37 | Marine | |
175 | 17:38 | Missile Turret | |